 Dungeon Crawl Stone Soup version 0.20.0-7-g3b7b877 (webtiles) character file.

273060 greprep the Hoplite (level 19, -6/177 HPs)
             Began as a Minotaur Fighter on May 29, 2017.
             Was the Champion of Qazlal.
             Killed from afar by an Ice Fiend (44 damage)
             ... with a bolt of cold
             ... summoned by a deep elf demonologist
             ... on level 3 of the Elven Halls.
             The game lasted 01:53:32 (40581 turns).

greprep the Hoplite (Minotaur Fighter)             Turns: 40581, Time: 01:53:33

Health: -6/177     AC: 20    Str: 25    XL:     19   Next: 49%
Magic:  23/23      EV: 21    Int: 12    God:    Qazlal [******]
Gold:   2660       SH: 37    Dex: 17    Spells: 18/18 levels left

rFire    + . .     SeeInvis +   f - +9 scimitar (flame)
rCold    . . .     Gourm    +   c - +4 large shield
rNeg     . . .     Faith    .   M - +5 ring mail of the Barracuda {rC- Int+7 Dex+3}
rPois    .         Spirit   .   p - +2 hat {SInv}
rElec    .         Reflect  .   E - scarf {rC+ rF+}
rCorr    .         Harm     .   i - +2 pair of gloves
MR       ++...     Clarity  +   R - +0 pair of boots
Stlth    +.........             n - amulet of the gourmand
Regen    0.4/turn               K - +3 ring of slaying
MPRegen  0.2/turn               O - +4 ring of slaying

@: drained, repel missiles
A: retaliatory headbutt, horns 2, clarity, magic resistance 1
}: 2/15 runes: decaying, gossamer
a: Upheaval, Elemental Force, Disaster Area, Renounce Religion


You were on level 3 of the Elven Halls.
You worshipped Qazlal.
Qazlal was exalted by your worship.
You were not hungry.

You visited 7 branches of the dungeon, and saw 35 of its levels.
You also visited: Ice Cave.

You collected 3170 gold pieces.
You spent 510 gold pieces at shops.

Inventory:

Hand Weapons
 e - a +1 scimitar of holy wrath
 f - a +9 scimitar of flaming (weapon)
 x - a +3 long sword
 J - the +0 great sword of the Onslaught {freeze, Str-2 Dex+4 SInv}
   (You found it on level 3 of the Swamp)

   It has been specially enchanted to freeze those struck by it, causing extra
   injury to most foes and up to half again as much damage against particularly
   susceptible opponents.
   It can also slow down cold-blooded creatures.
   It affects your strength (-2).
   It affects your dexterity (+4).
   It lets you see invisible.
Armour
 a - a +3 buckler of poison resistance
 c - a +4 large shield (worn)
 i - a +2 pair of gloves (worn)
 p - a +2 hat of see invisible (worn)
 E - a scarf of resistance (worn)
 M - the +5 ring mail of the Barracuda (worn) {rC- Int+7 Dex+3}
   (You found it on level 7 of the Dungeon)

   It affects your intelligence (+7).
   It affects your dexterity (+3).
   It makes you vulnerable to cold.
 P - a scarf of spirit shield
 R - a +0 pair of boots (worn)
Jewellery
 d - an uncursed ring of resist corrosion
 n - an amulet of the gourmand (around neck)
 w - an uncursed amulet of regeneration
 K - a +3 ring of slaying (left hand)
 O - a +4 ring of slaying (right hand)
Scrolls
 h - 4 scrolls of magic mapping
 j - 20 scrolls of remove curse
 o - 7 scrolls of recharging
 u - 3 scrolls of fog
 H - 11 scrolls of identify
 Q - 4 scrolls of enchant weapon
 T - 2 scrolls of brand weapon
 U - 2 scrolls of silence
Potions
 b - 3 potions of heal wounds
 k - 7 potions of curing
 l - 5 potions of haste
 m - 2 potions of berserk rage
 t - 4 potions of cancellation
 z - 3 potions of magic
 A - 4 potions of agility
 C - 3 potions of brilliance
 D - 7 potions of flight
 G - 3 potions of resistance
 I - 2 potions of invisibility
 L - 3 potions of might
 N - 5 potions of ambrosia
Comestibles
 r - 8 bread rations
 v - 11 royal jellies
 V - 46 fruits


   Skills:
 * Level 17.4(16.8) Fighting
 * Level 17.6(17.0) Long Blades
 * Level 15.6(15.0) Armour
 * Level 14.9(14.4) Dodging
 * Level 22.8(22.2) Shields
 + Level 7.6(7.1) Invocations


You had 18 spell levels left.
You didn't know any spells.

Dungeon Overview and Level Annotations

Branches:
Dungeon (15/15)            Temple (1/1) D:7            Lair (6/6) D:11
  Swamp (4/4) Lair:4       Spider (4/4) Lair:4        Slime (0/5) Lair:6
    Orc (2/2) D:10            Elf (3/3) Orc:2        Vaults (0/5) D:14
 Depths (0/5) D:15

Altars:
Ashenzari
Cheibriados
Dithmenos
Elyvilon
Fedhas
Gozag
Hepliaklqana
Kikubaaqudgha
Makhleb
Nemelex Xobeh
Okawaru
Qazlal
Ru
Sif Muna
Trog
Uskayaw
Vehumet
Xom
Yredelemnul
Zin
The Shining One

Shops:
D:15 [   Orc:2 (=}*


Innate Abilities, Weirdness & Mutations

You reflexively headbutt those who attack you in melee.
You have a pair of horns on your head.
You possess an exceptional clarity of mind.
You are resistant to hostile enchantments. (MR+)


Message History

You slash the crawling corpse! You burn the crawling corpse.
You destroy the crawling corpse!
You start resting.
An Ice Fiend opens the door.
You close the door.
You start resting.
Something unseen opens the door.
The deep elf demonologist mumbles some strange words.
The Ice Fiend calls on the powers of darkness!
The deep elf demonologist convulses!
Your body is wracked with pain!
* * * LOW HITPOINT WARNING * * *
You close the door.
A deep elf demonologist opens the door.
You slash the Ice Fiend! You burn the Ice Fiend. You headbutt the Ice Fiend!
The Ice Fiend is moderately wounded.
The deep elf demonologist casts a spell.
You hit the Ice Fiend but do no damage.
The Ice Fiend is moderately wounded.
The Ice Fiend gestures at you. The bolt of cold hits you!
You die...

#3≈# #...#..#≈≈ #4≈# #...#..#≈≈
#####≈≈# #...#..#≈≈
#####...#..#############...#..#≈≈
..'....))...#)....2#......##''#≈≈
..#........e).1....#.....##...##≈
#.........#..e.e.'....##.....##
####)############1###'###.......#
.....(........§.@.§.....'.......#
[...............§§......'.......#
##########################.....##
≈≈≈≈≈≈≈≈≈≈≈≈≈≈≈##...##≈
≈≈≈≈≈≈≈≈≈≈≈≈≈≈≈≈#####≈≈
......^.......≈≈≈≈≈≈≈≈≈
.......<........†≈≈≈≈..
...........<...........
.....................##


You could see an Ice Fiend, a hell beast and a deep elf demonologist.

Vanquished Creatures
  Nikola (Spider:2)
  A deep elf master archer (Elf:3)
  The ghost of Agrougrou the Peltast, an adept GrFi of Okawaru (Spider:4)
  3 thorn hunters
  Roxanne (Elf:2)
  A frost giant (IceCv)
  3 ghost moths
  2 deep elf sorcerers (Elf:1)
  2 deep elf elementalists (Elf:3)
  3 emperor scorpions (Spider:4)
  4 entropy weavers
  A stone giant (Orc:2)
  A very ugly thing (Swamp:3)
  Azrael (D:13)
  A deep elf demonologist (Elf:2)
  4 deep elf annihilators
  2 spark wasps
  3 deep elf death magi
  A deep elf high priest (Elf:2)
  A yaktaur captain (D:15)
  12 slime creatures
  20 hydras
  2 ghost crabs (Swamp:4)
  Erica (D:10)
  8 two-headed ogres
  6 centaur warriors
  28 dancing weapons
  7 alligators
  A queen ant (Spider:1)
  3 tengu warriors
  5 death yaks
  An orc high priest (Orc:1)
  Sonja (D:11)
  22 deep elf knights
  8 spriggans
  An unseen horror (D:13)
  3 spriggan druids (Swamp:3)
  19 deep elf archers
  12 swamp dragons
  19 orb spiders
  2 shambling mangroves
  An orange crystal statue (Elf:1)
  An orc knight (D:15)
  A wizard (Elf:1)
  37 wolf spiders
  A manticore (D:11)
  66 deep elf magi
  6 orc sorcerers
  7 cyclopes
  A faun (shapeshifter) (Elf:2)
  10 ugly things (D:15)
  Joseph (D:8)
  4 moths of wrath
  7 elephants (Lair:5)
  A guardian serpent (Lair:6)
  12 black mambas
  An ice statue (IceCv)
  3 torpor snails
  Psyche (D:11)
  24 spiny frogs
  2 gargoyles (D:12)
  A kobold demonologist (D:14)
  5 rime drakes
  15 demonic crawlers
  4 komodo dragons
  2 tengu conjurers
  3 meliai (Lair:5)
  27 jumping spiders
  20 polar bears (IceCv)
  8 trolls
  A queen bee (Lair:5)
  7 tyrant leeches
  4 blink frogs (Lair:2)
  6 bog bodies
  15 hippogriffs
  26 hornets
  17 dream sheep
  A blink frog (shapeshifter) (Elf:1)
  78 redbacks
  9 shadows
  A water elemental (Elf:1)
  29 tarantellas
  A wraith (D:15)
  2 air elementals
  A tarantella (shapeshifter) (Elf:3)
  2 vampires
  9 wyverns
  40 yaks
  6 fire elementals
  4 basilisks
  6 hungry ghosts
  A redback simulacrum (D:14)
  20 vampire mosquitoes
  A warg (Orc:1)
  9 insubstantial wisps
  18 soldier ants
  An acid dragon (shapeshifter) (D:14)
  Edmund (D:4)
  24 swamp worms
  3 hell hounds (D:13)
  5 porcupines
  3 ice beasts
  33 water moccasins
  A hornet zombie (D:12)
  2 black bears
  A phantom (D:14)
  8 sky beasts
  An eye of draining (D:14)
  14 swamp drakes
  16 orc warriors
  11 ogres
  27 wolves
  2 boggarts (Elf:1)
  13 centaurs
  13 crocodiles
  9 big kobolds
  15 bullfrogs
  3 earth elementals
  4 gnoll sergeants
  A water moccasin zombie (D:6)
  A wyvern zombie (D:14)
  3 wyvern skeletons
  8 scorpions
  42 killer bees
  5 howler monkeys
  An electric eel (Elf:3)
  9 crimson imps
  2 bullfrog zombies
  3 centaur zombies
  4 centaur skeletons
  9 jellies
  21 orc priests
  6 hounds
  5 bullfrog skeletons
  Jessica (D:3)
  4 iguanas
  25 orc wizards
  34 worker ants
  A hell rat (Lair:5)
  3 hound zombies
  2 hound skeletons
  4 worker ant zombies
  A howler monkey zombie (D:10)
  12 gnolls
  17 adders
  5 shadow imps
  2 oozes
  2 adder zombies (D:5)
  2 adder skeletons
  4 worms
  2 dart slugs
  6 leopard geckos
  44 orcs
  11 giant cockroaches
  5 goblins
  6 hobgoblins
  12 jackals
  19 kobolds
  3 quokkas
  A ball python zombie (D:5)
  5 bats
  7 frilled lizards
  A giant cockroach zombie (D:5)
  2 leopard gecko zombies (D:5)
  A quokka zombie (D:5)
  9 rats
  5 briar patches
  3 crawling corpses (Elf:3)
1395 creatures vanquished.

Vanquished Creatures (collateral kills)
  A dancing weapon (Elf:2)
  A deep elf mage (Elf:2)
  A water moccasin (Lair:6)
  An orc warrior (Orc:2)
  2 orcs (Orc:2)
6 creatures vanquished.

Vanquished Creatures (others)
  A dancing weapon (Elf:1)
  A spriggan druid (Swamp:4)
  A wolf spider (Spider:1)
  A redback (Spider:3)
  An orc priest (Orc:2)
  An orc wizard (Orc:2)
  An orc (Orc:2)
  A briar patch (Swamp:4)
  6 fungi
  21 plants
35 creatures vanquished.

Grand Total: 1436 creatures vanquished

Notes
Turn   | Place    | Note
-------+----------+-------------------------------------------
     0 | D:1      | greprep the Minotaur Fighter began the quest for the Orb.
     0 | D:1      | Reached XP level 1. HP: 19/19 MP: 0/0
   177 | D:1      | Reached XP level 2. HP: 27/27 MP: 1/1
   950 | D:2      | Reached skill level 1 in Dodging
   950 | D:2      | Reached XP level 3. HP: 29/33 MP: 2/2
  1019 | D:2      | Reached skill level 4 in Shields
  1079 | D:2      | Reached XP level 4. HP: 27/40 MP: 3/3
  1331 | D:2      | HP: 1/40 [gnoll/spear (6)]
  1992 | D:2      | Reached skill level 5 in Armour
  2242 | D:3      | Reached XP level 5. HP: 45/46 MP: 4/4
  2304 | D:3      | Noticed Jessica
  2307 | D:3      | Killed Jessica
  2547 | D:3      | Found a faded altar of an unknown god.
  3292 | D:4      | Noticed Edmund
  3311 | D:4      | Killed Edmund
  3311 | D:4      | Reached skill level 5 in Shields
  3311 | D:4      | Reached XP level 6. HP: 13/53 MP: 5/5
  4151 | D:4      | Found a shattered altar of Ashenzari.
  4324 | D:5      | Entered Level 5 of the Dungeon
  4354 | D:5      | Noticed a sky beast
  4370 | D:5      | Killed a sky beast
  4370 | D:5      | Reached XP level 7. HP: 45/60 MP: 6/6
  4659 | D:5      | Reached skill level 5 in Fighting
  4659 | D:5      | Reached skill level 5 in Long Blades
  4659 | D:5      | Reached skill level 6 in Shields
  5018 | D:5      | Reached XP level 8. HP: 57/68 MP: 7/7
  5133 | D:6      | Reached skill level 7 in Shields
  5286 | D:6      | Found a blossoming altar of Fedhas.
  5435 | D:6      | Found a shadowy altar of Dithmenos.
  5545 | D:6      | Found a shattered altar of Ashenzari.
  5779 | D:7      | Reached skill level 8 in Shields
  5916 | D:7      | Reached XP level 9. HP: 75/75 MP: 8/8
  6157 | D:7      | Reached skill level 5 in Dodging
  6160 | D:7      | Got a jewelled ring mail
  6171 | D:7      | Identified the +5 ring mail of the Barracuda {rC- Int+7 Dex+3} (You found it on level 7 of the Dungeon)
  6316 | D:7      | Found a staircase to the Ecumenical Temple.
  6340 | Temple   | Entered the Ecumenical Temple
  6364 | Temple   | Became a worshipper of Qazlal Stormbringer
  6670 | D:8      | Reached skill level 9 in Shields
  6991 | D:8      | Found a shimmering altar of Xom.
  7003 | D:8      | Noticed Joseph
  7019 | D:8      | Killed Joseph
  7453 | D:8      | Noticed a two-headed ogre
  7466 | D:8      | Killed a two-headed ogre
  7466 | D:8      | Reached skill level 10 in Shields
  7833 | D:8      | Reached XP level 10. HP: 76/84 MP: 9/9
  7851 | D:8      | HP: 3/84 [poisoned by a killer bee]
  7852 | D:8      | Gained mutation: You are resistant to hostile enchantments. (MR+) [potion of mutation]
  7852 | D:8      | Gained mutation: You are frail. (-10% HP) [potion of mutation]
  7852 | D:8      | Lost mutation: You are frail. (-10% HP) [potion of mutation]
  7852 | D:8      | Gained mutation: You possess an exceptional clarity of mind. [potion of mutation]
  7853 | D:8      | HP: 1/84 [poisoned by a killer bee]
  8860 | D:9      | Reached * piety under Qazlal
  8873 | D:9      | Noticed a two-headed ogre
  8893 | D:9      | Killed a two-headed ogre
  8893 | D:9      | Reached skill level 11 in Shields
  9245 | D:9      | Found a glowing golden altar of the Shining One.
  9246 | D:9      | Noticed a two-headed ogre
  9257 | D:9      | Killed a two-headed ogre
  9417 | D:10     | Entered Level 10 of the Dungeon
  9473 | D:10     | Reached skill level 10 in Long Blades
  9832 | D:10     | Noticed Erica
  9843 | D:10     | Killed Erica
  9843 | D:10     | Reached skill level 12 in Shields
  9843 | D:10     | Reached XP level 11. HP: 87/92 MP: 10/10
 10027 | D:10     | Found a staircase to the Orcish Mines.
 10035 | D:10     | Reached ** piety under Qazlal
 10678 | D:11     | Noticed Sonja
 10781 | D:11     | Killed Sonja
 10985 | D:11     | Noticed a two-headed ogre
 10994 | D:11     | Killed a two-headed ogre
 10994 | D:11     | Reached skill level 13 in Shields
 11058 | D:11     | Reached skill level 10 in Armour
 11149 | D:11     | Noticed Psyche
 11159 | D:11     | Killed Psyche
 11187 | D:11     | Found a staircase to the Lair.
 11210 | D:11     | Reached *** piety under Qazlal
 11723 | Lair:1   | Entered Level 1 of the Lair of Beasts
 11953 | Lair:1   | Reached XP level 12. HP: 101/101 MP: 11/11
 12859 | Lair:2   | Noticed a four-headed hydra
 12867 | Lair:2   | Killed a one-headed hydra
 13395 | Lair:3   | Reached skill level 14 in Shields
 13551 | Lair:3   | Reached **** piety under Qazlal
 13645 | Lair:3   | Reached skill level 1 in Invocations
 13866 | Lair:3   | Noticed a death yak
 13866 | Lair:3   | Noticed a death yak
 13869 | Lair:3   | Noticed a death yak
 13871 | Lair:3   | Noticed a death yak
 13876 | Lair:3   | Killed a death yak
 14240 | Lair:2   | Killed a death yak
 14260 | Lair:2   | Killed a death yak
 14511 | Lair:3   | Killed a death yak
 14831 | Lair:4   | Found a frozen archway.
 14840 | IceCv    | Entered an ice cave
 15216 | IceCv    | Reached XP level 13. HP: 111/111 MP: 14/14
 15232 | IceCv    | Reached ***** piety under Qazlal
 15366 | IceCv    | Reached skill level 15 in Shields
 15458 | IceCv    | Noticed a frost giant
 15491 | IceCv    | Killed a frost giant
 15495 | IceCv    | Reached skill level 10 in Fighting
 16083 | Lair:4   | Found a hole to the Spider Nest.
 16542 | Lair:4   | Found a staircase to the Swamp.
 16691 | Lair:5   | Reached skill level 10 in Dodging
 17153 | Lair:5   | Reached ****** piety under Qazlal
 18126 | Lair:6   | Entered Level 6 of the Lair of Beasts
 18136 | Lair:6   | Reached XP level 14. HP: 122/122 MP: 16/16
 18175 | Lair:5   | Reached skill level 16 in Shields
 18525 | Lair:6   | Reached skill level 5 in Invocations
 19135 | Lair:6   | Found a staircase to the Slime Pits.
 19798 | Orc:1    | Entered Level 1 of the Orcish Mines
 19957 | Orc:1    | Found a burning altar of Makhleb.
 20006 | Orc:2    | Entered Level 2 of the Orcish Mines
 20252 | Orc:1    | Reached skill level 17 in Shields
 20750 | Orc:2    | Noticed a stone giant
 20765 | Orc:2    | Killed a stone giant
 20888 | Orc:2    | Found a staircase to the Elven Halls.
 20949 | Orc:2    | Found Xaru's Assorted Antiques.
 20949 | Orc:2    | Found Neliqo's Jewellery Shoppe.
 20950 | Orc:2    | Found Nineuty's Antique Weapon Shoppe.
 20954 | Orc:2    | Found Baetet's Gadget Emporium.
 20960 | Orc:2    | Bought an uncursed amulet of the gourmand for 510 gold pieces
 22122 | D:12     | Reached XP level 15. HP: 134/134 MP: 18/18
 22424 | D:13     | Noticed Azrael
 22437 | D:13     | Killed Azrael
 23327 | D:14     | Found a gate to the Vaults.
 23711 | D:15     | Entered Level 15 of the Dungeon
 23772 | D:14     | Reached skill level 18 in Shields
 23930 | D:15     | Found a shadowy altar of Dithmenos.
 24018 | D:15     | Found Etzi's Armour Shoppe.
 24236 | D:15     | Found a staircase to the Depths.
 24661 | Swamp:1  | Entered Level 1 of the Swamp
 24863 | Swamp:1  | Noticed a thorn hunter
 24878 | Swamp:1  | Killed a thorn hunter
 25023 | Swamp:1  | Got a translucent rapier
 25076 | Swamp:1  | Identified the +5 rapier of the Old World {pierce, Str-5 Int+6} (You found it on level 1 of the Swamp)
 25727 | Swamp:2  | Reached XP level 16. HP: 127/145 MP: 20/20
 26203 | Swamp:3  | Identified a scroll of acquirement
 26216 | Swamp:3  | Got spiked swamp dragon scales
 26227 | Swamp:3  | Identified the +1 swamp dragon scales of Dogmatism {rPois Int+3 Stlth+} (You acquired it on level 3 of the Swamp)
 26481 | Swamp:3  | Found a transporter.
 26508 | Swamp:3  | Noticed a thorn hunter
 26766 | Swamp:3  | Found a transporter.
 26910 | Swamp:3  | Killed a thorn hunter
 27222 | Swamp:3  | Got a transparent great sword
 27231 | Swamp:3  | Got a bound glass ring
 27244 | Swamp:3  | Got an ancient iron ring
 27261 | Swamp:3  | Identified the cursed +0 great sword of the Onslaught {freeze, Str-2 Dex+4 SInv} (You found it on level 3 of the Swamp)
 27264 | Swamp:3  | Identified the ring "Faukaosch" {rCorr rN++ Str-5} (You found it on level 3 of the Swamp)
 27265 | Swamp:3  | Identified the ring of the Shining Light {+Fly rElec Str-4 Int+5 Stlth+} (You found it on level 3 of the Swamp)
 27466 | Swamp:4  | Entered Level 4 of the Swamp
 27481 | Swamp:3  | Reached skill level 15 in Long Blades
 28112 | Swamp:3  | Reached skill level 19 in Shields
 29372 | Swamp:4  | Got a decaying rune of Zot
 29486 | Swamp:4  | Noticed a thorn hunter
 29498 | Swamp:4  | Killed a thorn hunter
 30079 | Spider:1 | Entered Level 1 of the Spider Nest
 30160 | Spider:1 | Reached XP level 17. HP: 48/154 MP: 21/21
 30160 | Spider:1 | HP: 5/154 [entropy weaver/staff of energy (16)]
 30702 | Spider:1 | Reached skill level 20 in Shields
 30717 | Spider:1 | Reached skill level 15 in Fighting
 31911 | Spider:1 | Got an ichor-stained robe
 31941 | Spider:1 | Identified the +2 robe of Lethargy {*Slow Slay+4} (You found it on level 1 of the Spider Nest)
 32098 | Spider:2 | Noticed Nikola
 32107 | Spider:2 | Killed Nikola
 34352 | Spider:4 | Entered Level 4 of the Spider Nest
 34359 | Spider:4 | Noticed Agrougrou's ghost (adept GrFi)
 34515 | Spider:4 | Killed Agrougrou's ghost
 34515 | Spider:4 | Reached skill level 21 in Shields
 35441 | Spider:4 | Reached XP level 18. HP: 144/166 MP: 16/22
 36133 | Spider:4 | Got a gossamer rune of Zot
 36624 | Elf:1    | Entered Level 1 of the Elven Halls
 37257 | Elf:1    | Reached skill level 15 in Armour
 37885 | Elf:2    | Noticed Roxanne
 37911 | Elf:2    | Reached skill level 22 in Shields
 38234 | Elf:2    | Found a runed gate.
 38234 | Elf:2    | Found a runed gate.
 38244 | Elf:2    | Found a runed gate.
 38522 | Elf:2    | Reached XP level 19. HP: 155/174 MP: 23/23
 38929 | Elf:2    | HP: 8/177 [earth elemental[a deep elf mage] (12)]
 39677 | Elf:2    | Killed Roxanne
 39714 | Elf:3    | Entered Level 3 of the Elven Halls
 40581 | Elf:3    | Killed from afar by an Ice Fiend

Skill      XL: |  1  2  3  4  5  6  7  8  9 10 11 12 13 14 15 16 17 18 19 |
---------------+----------------------------------------------------------+-----
Armour         | 4 5 6 7 8 9 10 11 12 13 14 15 | 15.6
Dodging        | 1 2 3 4 6 7 8 9 10 11 13 14 | 14.9
Shields        | 4 5 6 8 10 12 13 14 15 17 18 19 21 22 | 22.8
Fighting       | 4 5 6 7 8 9 10 12 13 14 16 17 | 17.4
Long Blades    | 3 4 5 7 8 10 11 13 14 15 16 17 | 17.6
Invocations    | 2 4 5 7 |  7.6

Action                   |  1- 3 |  4- 6 |  7- 9 | 10-12 | 13-15 | 16-18 | 19-21 || total
-------------------------+-------+-------+-------+-------+-------+-------+-------++-------
Melee: Long sword        |    65 |   166 |   351 |   217 |       |       |       ||   799
       Headbutt          |     7 |    32 |    72 |   168 |   285 |   312 |    62 ||   938
       Scimitar          |       |       |       |   425 |  1062 |  1166 |   215 ||  2868
Invok: Elemental Force   |       |       |       |       |     2 |     2 |     2 ||     6
       Disaster Area     |       |       |       |       |       |     2 |       ||     2
       Upheaval          |       |       |       |       |       |     1 |       ||     1
  Use: Potion            |       |       |       |     9 |     4 |     3 |     9 ||    25
       Scroll            |       |       |       |    18 |    15 |    17 |     7 ||    57
 Stab: Confused          |       |       |       |       |       |     1 |       ||     1
       Invisible         |       |       |       |       |       |     7 |       ||     7
  Eat: Chunk             |       |     3 |     2 |     2 |     7 |    22 |       ||    36
       Royal jelly       |       |     1 |     3 |     1 |       |       |       ||     5
       Fruit             |       |     2 |       |     1 |       |       |       ||     3
       Meat ration       |       |     1 |       |     3 |     4 |     3 |     2 ||    13
       Bread ration      |       |       |     1 |     2 |     2 |     1 |       ||     6
Armor: Scale mail        |    27 |    44 |       |       |       |       |       ||    71
       Chain mail        |       |    36 |   134 |       |       |       |       ||   170
       Ring mail         |       |       |    25 |   164 |   231 |   289 |    55 ||   764
Dodge: Dodged            |    24 |    54 |   116 |   310 |   447 |   739 |   104 ||  1794
       Deflected         |       |       |       |       |    20 |    28 |     3 ||    51
Block: Shield            |    34 |    89 |   210 |   213 |       |       |       ||   546
       Buckler           |       |       |       |   208 |   790 |  1286 |   188 ||  2472
       Large shield      |       |       |       |       |       |       |    22 ||    22
       Rpst.: Long sword |     7 |    13 |    24 |    35 |       |       |       ||    79
       Scimitar          |       |       |       |    33 |    98 |   123 |    12 ||   266
